 Dungeon Crawl Stone Soup version 0.31.0-32-g396128a36d (webtiles) character file.

Game seed: 16060015667179076474

309240 Peloso the Hoplite (level 20, -2/198 HPs)
             Began as a Minotaur Fighter on Mar 31, 2024.
             Was the Champion of Okawaru.
             Slain by a merfolk
             ... wielding a +2 trident of flaming
              (10 damage)
             ... on level 4 of the Shoals.
             The game lasted 02:07:15 (46971 turns).

Peloso the Hoplite (Minotaur Fighter)              Turns: 46971, Time: 02:07:16

Health: -2/198     AC: 54    Str: 25    XL:     20   Next: 71%
Magic:  17/21      EV:  8    Int:  5    God:    Okawaru [******]
Gold:   1337       SH: 27    Dex: 21    Spells: 19/19 levels left

rFire   + . .        a - +3 double sword (flame)
rCold   + + .        d - +2 tower shield {reflect}
rNeg    . . .        V - +17 crystal plate armour of the Vanishing Songs {+Inv}
rPois   +            y - +2 hat {Will+}
rElec   +            D - +0 cloak {rPois}
rCorr   +            p - +3 pair of gauntlets of War {Slay+5}
SInv    .            T - +1 pair of boots of Vommyol {rC+}
Will    ++...        u - amulet of regeneration Stlth
                     h - ring of resist corrosion
HPRegen 1.33/turn    G - +6 ring of dexterity
MPRegen 0.17/turn

%: reflection
@: about to teleport, resistant, flying, mesmerised, hasted, studying Staves,
very quick
A: horns 2, retaliatory headbutt, persistent drain
}: 1/15 runes: serpentine
a: Renounce Religion, Evoke Invisibility, Heroism, Finesse, Duel, Receive
Weapon, Receive Armour


You were on level 4 of the Shoals.
You worshipped Okawaru.
Okawaru was exalted by your worship.
You visited 7 branches of the dungeon, and saw 34 of its levels.
You visited the Abyss 1 time.
You also visited: Gauntlet.

You collected 4685 gold pieces.
You spent 3348 gold pieces at shops.

Inventory:

Hand Weapons
 a - a +3 double sword of flaming (weapon)
 b - a +4 scimitar of freezing
 c - a +1 scimitar of flaming
Missiles
 P - 4 throwing nets (quivered)
Armour
 d - a +2 tower shield of reflection (worn)
 j - a +1 cloak of willpower
 p - the +3 pair of gauntlets of War (worn) {Slay+5}
   (You bought it in a shop on level 5 of the Dungeon)

   Slay+5:    It affects your accuracy & damage with ranged weapons and melee
   (+5).
 y - a +2 hat of willpower (worn)
 D - a +0 cloak of poison resistance (worn)
 N - the +2 hat of Humasi {-Cast rElec rN+++ Will-}
   (You found it on level 4 of the Snake Pit)

   rElec:     It insulates you from electricity.
   rN+++:     It renders you almost immune to negative energy.
   Will-:     It decreases your willpower.
   -Cast:     It prevents spellcasting.
 T - the +1 pair of boots of Vommyol (worn) {rC+}
   (You found it on level 3 of the Elven Halls)

   rC+:       It protects you from cold.
 V - the +17 crystal plate armour of the Vanishing Songs (worn) {+Inv}
   (You bought it in a shop on level 1 of the Orcish Mines)

   +Inv:      It lets you turn invisible.
 X - the +6 tower shield of Love and Death {+Blink rElec Regen+}
   (You took it off Louise on level 2 of the Shoals)

   rElec:     It insulates you from electricity.
   +Blink:    It lets you blink.
   Regen+:    It increases your rate of health regeneration.
Jewellery
 h - a ring of resist corrosion (left hand)
 q - a ring of protection from fire
 u - an amulet of regeneration (around neck)
 z - a ring of willpower
 E - a +4 ring of protection
 G - a +6 ring of dexterity (right hand)
 M - a ring of ice
 W - a ring of protection from fire
Talismans
 n - the serpent talisman of Vetrigud {Fly rC+ Dex-3}
   (You took it off Aizul on level 1 of the Snake Pit)

   [serpent talisman]

   Dex-3:     It affects your dexterity (-3).
   rC+:       It protects you from cold.
   Fly:       It grants you flight.
Wands
 m - a wand of polymorph (14)
 B - a wand of flame (7)
 U - a wand of digging (10)
 Y - a wand of iceblast (3)
Scrolls
 g - a scroll of brand weapon
 o - 2 scrolls of amnesia
 t - 3 scrolls of immolation
 w - 6 scrolls of teleportation
 C - 2 scrolls of fog
 F - 28 scrolls of identify
 H - 3 scrolls of blinking
 J - 6 scrolls of poison
 K - 3 scrolls of revelation
 L - 2 scrolls of vulnerability
 Q - 4 scrolls of fear
 Z - a scroll of enchant armour
Potions
 e - 3 potions of might
 i - 10 potions of curing
 k - a potion of experience
 l - 2 potions of berserk rage
 r - a potion of haste
 s - 6 potions of invisibility
 v - 4 potions of enlightenment
 x - a potion of lignification
 A - 2 potions of magic
 I - 2 potions of brilliance
 O - a potion of mutation
 R - a potion of resistance
Miscellaneous
 S - a lightning rod (4/4)


   Skills:
 + Level 21.3 Fighting
 + Level 22.1 Long Blades
 + Level 3.1 Maces & Flails
 + Level 19.2 Armour
 + Level 4.7 Dodging
 + Level 3.1 Stealth
 + Level 23.6 Shields
 + Level 2.9 Invocations
 + Level 3.4 Evocations
 + Level 1.0 Shapeshifting


You had 19 spell levels left.
You didn't know any spells.
Your spell library contained the following spells:

 Spells                   Type           Power      Damage    Failure   Level
 Apportation              Tloc           0%         N/A       100%        1
 Magic Dart               Conj           0%         1d3       100%        1
 Sandblast                Erth           0%         2d4       100%        1
 Slow                     Hex            0%         N/A       100%        1
 Sting                    Conj/Alch      0%         1d3       100%        1
 Cigotuvi's Dreadful Rot  Necr/Alch/Air  0%         N/A       100%        2
 Ensorcelled Hibernation  Hex/Ice        0%         N/A       100%        2
 Jinxbite                 Hex            0%         N/A       100%        2
 Mercury Vapours          Alch/Air       0%         N/A       100%        2
 Searing Ray              Conj           0%         2d4       100%        2
 Sublimation of Blood     Necr           0%         N/A       100%        2
 Fugue of the Fallen      Necr           0%         N/A       100%        3
 Gell's Gravitas          Tloc           0%         N/A       100%        3
 Ozocubu's Armour         Ice            0%         N/A       100%        3
 Passwall                 Erth           0%         N/A       100%        3
 Stone Arrow              Conj/Erth      0%         3d7       100%        3
 Swiftness                Air            0%         N/A       100%        3
 Teleport Other           Tloc           0%         N/A       100%        3
 Volatile Blastmotes      Fire/Tloc      0%         2d10      100%        3
 Anguish                  Hex/Necr       0%         N/A       100%        4
 Brom's Barrelling Bould  Conj/Erth      0%         2d3       100%        4
 Cause Fear               Hex            0%         N/A       100%        4
 Fulminant Prism          Conj/Alch      0%         3d5       100%        4
 Ignite Poison            Fire/Alch      0%         N/A       100%        4
 Iskenderun's Mystic Bla  Conj/Tloc      0%         2d3       100%        4
 Manifold Assault         Tloc           0%         N/A       100%        4
 Olgreb's Toxic Radiance  Alch           0%         N/A       100%        4
 Petrify                  Alch/Erth      0%         N/A       100%        4
 Alistair's Intoxication  Alch           0%         N/A       100%        5
 Fireball                 Conj/Fire      0%         3d3       100%        5
 Freezing Cloud           Conj/Ice/Air   0%         6-21      100%        5
 Irradiate                Conj/Alch      0%         3d11      100%        5
 Iskenderun's Battlesphe  Conj           0%         2d6       100%        5
 Lee's Rapid Deconstruct  Erth           0%         3d4*      100%        5
 Yara's Violent Unravell  Hex/Alch       0%         3d3       100%        5
 Bombard                  Conj/Erth      0%         9d1       100%        6
 Conjure Ball Lightning   Conj/Air       0%         3x3d6     100%        6
 Dispersal                Tloc           0%         N/A       100%        6
 Enfeeble                 Hex            0%         N/A       100%        7
 Orb of Destruction       Conj           0%         9d5       100%        7
 Disjunction              Tloc           0%         N/A       100%        8
 Animate Armour           Summ/Erth      Unusable   N/A       N/A         4
 Summon Blazeheart Golem  Fire/Summ      Unusable   N/A       N/A         4
 Summon Lightning Spire   Summ/Air       Unusable   N/A       N/A         4
 Haunt                    Necr/Summ      Unusable   N/A       N/A         7
 Spellforged Servitor     Conj/Summ      Unusable   N/A       N/A         7

Dungeon Overview and Level Annotations

Branches:
Dungeon (15/15)            Temple (1/1) D:6            Lair (5/5) D:9
 Shoals (4/4) Lair:3        Snake (4/4) Lair:3        Slime (0/5) Lair:4
    Orc (2/2) D:11            Elf (3/3) Orc:2        Vaults (0/5) D:13
 Depths (0/4) D:15        Gauntlet (visited)

Altars:
Ashenzari
Cheibriados
Dithmenos
Elyvilon
Fedhas
Gozag
Hepliaklqana
Kikubaaqudgha
Makhleb
Nemelex Xobeh
Okawaru
Qazlal
Ru
Sif Muna
Trog
Uskayaw
Vehumet
Wu Jian
Xom
Yredelemnul
Zin
The Shining One
Jiyva

Shops:
D:5 (=[[   D:6 *   D:8 (==   D:11 !!?(   Orc:1 *?   Orc:2 *?=(=   Elf:1 (
Elf:3 (   Snake:1 *:?((   Snake:4 :=:

Annotations:
Lair:3 Casa


Innate Abilities, Weirdness & Mutations

You have a pair of horns on your head.
You reflexively headbutt those who attack you in melee.
Your health recovers twice as slowly from being drained.


Message History

As you read the scroll of teleportation, it crumbles to dust.
You feel strangely unstable. You block the harpy's attack. x4
The merfolk impaler hits you but does no damage.
The merfolk aquamancer casts a spell.
The merfolk aquamancer blinks!
The merfolk aquamancer hits you but does no damage.
The harpy claws you but does no damage. The harpy barely misses you.
The snapping turtle closely misses you.
The merfolk hits you from afar with a +0 trident.
* * * LOW HITPOINT WARNING * * *
The merfolk impaler hits you but does no damage.
The merfolk avatar chants its luring song.
The merfolk siren chants a haunting song.
You resist with almost no effort.
The merfolk javelineer hits you from afar with a +2 antimagic spear!
* * * LOW HITPOINT WARNING * * *
You feel your power leaking away. The harpy claws you.
* * * LOW HITPOINT WARNING * * *
The harpy claws you but does no damage.
You feel better.
The pull of its song draws you forwards.
The merfolk avatar chants its luring song.
You block the merfolk's attack.
The merfolk siren chants its luring song.
You block the alligator snapping turtle's attack.
The merfolk siren chants its luring song.
You block the merfolk's attack. The merfolk closely misses you.
You furiously retaliate!
You headbutt the merfolk. The merfolk hits you with a +0 trident!
* * * LOW HITPOINT WARNING * * *
You block the merfolk's attack.
The merfolk impaler hits you but does no damage.
The merfolk hits you from afar with a +0 trident.
* * * LOW HITPOINT WARNING * * *
The water nymph casts a spell at you. The water rises up and strikes you.
The merfolk hits you but does no damage.
The merfolk hits you from afar with a +2 trident of flaming!
You die...

....... #~~~)###..~≈≈≈
....... #≈≈≈)....~~≈≈≈
....... #≈≈≈~~~.~~≈≈≈≈
....... #~~~~~~~≈≈≈≈≈≈
....... ##~~~~~~~~≈≈≈≈≈
.. ##†.~~~~~~~~≈≈≈≈
#######HHm.~~~~~~~~≈≈≈
###.EmmmHktE..~~~~.~~~≈≈
....mmm@tmmmH.~~~~..~~~~
.....mmmmSHm.~~~~~~~~
.#..mmSmmmm~~)~~~~~~
#..m..mmHH~~~~~~~.
~#~~.m.~~~~~~#####
~~m~...~~~~m#~~,
~.~~..~~~~~#~#)
~...<.~~~~#~#. ,


You could see an alligator snapping turtle, 2 merfolk avatars, 3 merfolk
impalers, a merfolk javelineer, 2 sea snakes, 2 merfolk aquamancers, a snapping
turtle, a wind drake (repels missiles), 13 merfolk, 5 manticores, 2 water
elementals, 5 merfolk sirens, a water nymph and 2 harpies.

Vanquished Creatures
  Mlioglotl (Shoals:2)
  Jorgrun (D:13)
  3 deep elf blademasters
  The ghost of mihai the Eclecticist, an adept DECj of Vehumet (Snake:4)
  2 deep elf master archers (Elf:3)
  Polyphemus (Shoals:2)
  Gastronok (D:12)
  Aizul (Snake:1)
  Roxanne (D:15)
  Ilsuiw (Shoals:2)
  14 nagarajas
  2 deep elf sorcerers (Elf:3)
  The ghost of raetorn the Unseen, an adept FeSh of Wu Jian (Snake:2)
  2 deep elf elementalists (Elf:3)
  Louise (Shoals:2)
  A formless jellyfish (Shoals:4)
  9 deep elf demonologists
  Nessos (Lair:5)
  The ghost of paavali the Cleaver, a journeyman FoFi of Okawaru (D:12)
  5 deep elf death magi (Elf:3)
  A minotaur (Gauntlet)
  5 deep elf annihilators
  A lorocyproca (Abyss:3)
  A merfolk javelineer (Shoals:4)
  Snorg (D:11)
  An ettin (Orc:2)
  The ghost of TangoThomas the Placeless Demonspawn, a journeyman DsWr of Makhleb (Orc:2)
  2 merfolk impalers
  A rakshasa (D:15)
  3 deep elf high priests (Elf:3)
  9 hydras
  3 salamander tyrants
  The ghost of Quickbrownfox the Martial Artist, a journeyman OpSh of Gozag (Shoals:1)
  Fannar (D:10)
  Erolcha (D:10)
  An alligator snapping turtle (Shoals:2)
  A vault guard (D:13)
  5 boulder beetles
  3 merfolk avatars
  11 anacondas
  A death knight (D:9)
  3 merfolk aquamancers
  10 two-headed ogres
  2 catoblepae
  6 centaur warriors
  8 death yaks
  29 dancing weapons
  12 naga warriors
  A tengu warrior (D:13)
  2 satyrs (Shoals:3)
  11 naga sharpshooters
  Urug (Lair:4)
  4 orc high priests (Orc:2)
  Sonja (D:11)
  2 occultists (D:15)
  5 shock serpents
  17 deep elf knights
  5 skeletal warriors
  6 skysharks
  A shadow wraith (D:12)
  7 sea snakes
  6 salamander mystics
  12 naga ritualists
  An arcanist (D:13)
  12 mana vipers
  A necromancer (D:15)
  10 deep elf archers
  16 harpies
  3 orc knights
  33 deep elf pyromancers
  26 deep elf zephyrmancers
  18 ugly things
  6 orc sorcerers
  A cyclops (D:11)
  20 salamanders
  12 manticores
  12 fauns
  8 elephants
  A spectral shock serpent (Snake:4)
  Maurice (D:9)
  2 centaur zombies (D:15)
  A black mamba (shapeshifter) (D:13)
  3 water nymphs
  8 merfolk sirens
  5 guardian serpents
  A torpor snail (Lair:2)
  48 black mambas
  An ice statue (Gauntlet)
  11 naga magi
  2 centaur skeletons (D:15)
  13 cane toads
  3 gargoyles
  An unseen horror (D:12)
  Maggie (D:6)
  8 komodo dragons
  A kobold demonologist (D:12)
  6 rime drakes
  2 freezing wraiths
  An anaconda simulacrum (Snake:4)
  An ancient zyme (Abyss:3)
  3 tengu conjurers
  8 trolls
  5 polar bears (Lair:5)
  21 merfolk
  4 wind drakes
  A hornet (shapeshifter) (D:13)
  A spectral guardian serpent (Snake:4)
  10 blink frogs
  8 hornets
  2 meliai zombies
  2 dream sheep (Lair:5)
  A centaur simulacrum (D:12)
  3 slime creatures (D:12)
  8 snapping turtles
  6 shadows
  2 vampires (D:11)
  Eustachio (D:6)
  2 air elementals
  A wraith (D:9)
  41 yaks
  A yak (shapeshifter) (D:15)
  A ynoxinul (Abyss:3)
  14 spriggans (Lair:5)
  3 fire elementals
  5 wyverns
  A human (D:11)
  A naga simulacrum (Snake:4)
  9 starcursed masses (Abyss:3)
  9 water elementals
  5 basilisks
  7 wargs
  A neqoxec (Gauntlet)
  2 steam dragons
  12 vampire mosquitoes
  A redback simulacrum (D:14)
  2 chaos spawn
  3 acid dragons
  48 nagas
  14 water moccasins
  4 black bears
  2 laughing skulls (D:14)
  An ice beast (D:6)
  16 orc warriors
  A black bear (shapeshifter) (Elf:3)
  3 boggarts (Lair:5)
  2 black mamba simulacra (Snake:4)
  22 wolves
  9 centaurs
  4 ogres
  2 phantoms (D:5)
  3 kobold brigands
  Blork the orc (D:6)
  10 bullfrogs
  A small abomination (Abyss:3)
  5 earth elementals
  2 gnoll sergeants
  2 scorpions
  13 wights
  9 killer bees
  2 spectral nagas (Snake:4)
  4 electric eels (D:8)
  5 howler monkeys
  A salamander simulacrum (Snake:4)
  5 hounds
  44 orc priests
  3 jellies
  3 gnoll boudas
  3 iguanas
  Jessica (D:2)
  Terence (D:2)
  33 orc wizards
  6 hell rats (Lair:4)
  21 gnolls
  7 adders
  A shadow imp (D:5)
  A white imp (D:3)
  A ribbon worm (D:3)
  6 dart slugs
  73 orcs
  4 ball pythons
  8 endoplasms
  4 giant cockroaches
  8 goblins
  9 hobgoblins
  7 jackals
  3 quokkas
  A bat (D:2)
  5 frilled lizards
  20 kobolds
  6 rats
1232 creatures vanquished.

Vanquished Creatures (others)
  A nagaraja (Snake:4)
  4 deep elf knights
  A deep elf pyromancer (Elf:1)
  A salamander (Snake:1)
7 creatures vanquished.

Grand Total: 1239 creatures vanquished

Notes
Turn   | Place    | Note
-------+----------+-------------------------------------------
     0 | D:1      | Peloso the Minotaur Fighter began the quest for the Orb.
     0 | D:1      | Reached XP level 1. HP: 19/19 MP: 0/0
   137 | D:1      | Reached XP level 2. HP: 25/27 MP: 1/1
   294 | D:1      | Reached XP level 3. HP: 33/33 MP: 2/2
  1050 | D:2      | Noticed Terence
  1064 | D:2      | Killed Terence
  1065 | D:2      | Reached XP level 4. HP: 40/40 MP: 3/3
  1426 | D:2      | Noticed Jessica
  1441 | D:2      | HP: 2/40 [Jessica/nerve-wracking pain (14)]
  1442 | D:2      | Killed Jessica
  2369 | D:3      | Found a bloodstained altar of Trog.
  2386 | D:3      | Found a shimmering blue altar of Sif Muna.
  2394 | D:3      | Reached skill level 4 in Shields
  2394 | D:3      | Reached XP level 5. HP: 22/46 MP: 4/4
  2483 | D:3      | Got Sif Muna's Compilation of Bewitchment
  2503 | D:3      | Found a hazy altar of Hepliaklqana.
  2707 | D:3      | Reached skill level 5 in Armour
  2922 | D:3      | Found a white marble altar of Elyvilon.
  3166 | D:4      | Reached skill level 5 in Long Blades
  3268 | D:4      | Reached XP level 6. HP: 50/55 MP: 5/5
  3403 | D:4      | Found a sacrificial altar of Ru.
  3417 | D:4      | Reached skill level 5 in Fighting
  3738 | D:5      | Entered Level 5 of the Dungeon
  3897 | D:5      | Found Noiqot's Jewellery Shop.
  3938 | D:5      | Reached XP level 7. HP: 61/61 MP: 6/6
  4020 | D:5      | Found Meymeis's Antique Weapon Shop.
  4224 | D:5      | Found Avesit's Antique Armour Boutique.
  4232 | D:5      | Bought a fading chain mail for 256 gold pieces
  4232 | D:5      | Identified the +2 chain mail of Bedevilment {rF- Will++
                  | Dex+2 SInv} (You bought it in a shop on level 5 of the
                  | Dungeon)
  4583 | D:5      | Found Suawoog's Armour Shoppe.
  4634 | D:5      | Reached skill level 5 in Shields
  4634 | D:5      | Reached XP level 8. HP: 67/70 MP: 7/7
  5250 | D:6      | Noticed Eustachio
  5270 | D:6      | Killed Eustachio
  5281 | D:6      | Noticed Blork the orc
  5299 | D:6      | Killed Blork the orc
  5489 | D:6      | Found Gautecs's Assorted Antiques.
  5559 | D:6      | Bought a scroll labelled FOHAMEJOTS for 23 gold pieces
  5606 | D:6      | Noticed Maggie
  5760 | D:6      | Found a staircase to the Ecumenical Temple.
  5774 | Temple   | Entered the Ecumenical Temple
  5793 | Temple   | Became a worshipper of Warmaster Okawaru
  5856 | D:7      | Found a glowing golden altar of the Shining One.
  6043 | D:7      | Reached XP level 9. HP: 64/78 MP: 8/8
  6511 | D:7      | Reached skill level 1 in Dodging
  6511 | D:7      | Found a burning altar of Makhleb.
  6796 | D:7      | Reached * piety under Okawaru
  6804 | D:7      | Reached skill level 10 in Long Blades
  6972 | D:8      | Reached skill level 6 in Shields
  7132 | D:8      | Found Wuffuad's Jewellery Boutique.
  7134 | D:8      | Found Iskiytish's Antique Weapon Boutique.
  7134 | D:8      | Found Jifadime's Jewellery Boutique.
  7397 | D:8      | Reached skill level 1 in Stealth
  7454 | D:8      | Reached ** piety under Okawaru
  7567 | D:8      | Found a glowing silver altar of Zin.
  7746 | D:8      | Found a broken altar of Ashenzari.
  7747 | D:8      | Found a snail-covered altar of Cheibriados.
  8072 | D:9      | Noticed Maurice
  8116 | D:9      | Something stole an amulet of faith
  8128 | D:9      | Killed Maurice
  8129 | D:9      | Reached skill level 1 in Evocations
  8129 | D:9      | Reached XP level 10. HP: 72/88 MP: 6/9
  8400 | D:9      | Reached skill level 7 in Shields
  8429 | D:8      | Reached skill level 10 in Armour
  8430 | D:8      | Reached *** piety under Okawaru
  8618 | D:9      | Reached **** piety under Okawaru
  8622 | D:9      | Found a staircase to the Lair.
  9597 | D:5      | Bought a heavily runed cloak for 256 gold pieces
  9597 | D:5      | Identified the +1 cloak "Cex Poaxt" {Int+2} (You bought it
                  | in a shop on level 5 of the Dungeon)
  9761 | D:10     | Entered Level 10 of the Dungeon
  9772 | D:10     | Reached skill level 8 in Shields
  9866 | D:10     | Reached XP level 11. HP: 86/97 MP: 10/10
  9983 | D:10     | Noticed Fannar
 10007 | D:10     | Killed Fannar
 10128 | D:10     | Noticed Erolcha
 10134 | D:10     | Killed Erolcha
 10139 | D:10     | Reached ***** piety under Okawaru
 10141 | D:10     | Found an ornate altar of the Wu Jian Council.
 10250 | D:10     | Reached skill level 10 in Fighting
 10264 | D:10     | Noticed a two-headed ogre
 10274 | D:10     | Killed a two-headed ogre
 10912 | D:11     | Noticed Sonja
 10917 | D:11     | Killed Sonja
 11015 | D:11     | Reached skill level 1 in Invocations
 11025 | D:11     | Received a gift from Okawaru
 11244 | D:11     | Found a staircase to the Orcish Mines.
 11268 | D:11     | Found Xerchuge's Magic Scroll Shop.
 11278 | D:11     | Bought a scroll of revelation for 82 gold pieces
 11313 | D:11     | Found Ockimnokoi's Distillery.
 11316 | D:11     | Bought a potion of degeneration for 17 gold pieces
 11614 | D:11     | Found Gicluec's Antique Weapon Shop.
 11851 | D:11     | Found Bilovvug's Distillery.
 11879 | D:11     | Noticed a two-headed ogre
 11887 | D:11     | Killed a two-headed ogre
 12241 | Lair:1   | Entered Level 1 of the Lair of Beasts
 12244 | Lair:1   | Received a gift from Okawaru
 12253 | Lair:1   | Reached XP level 12. HP: 108/110 MP: 11/11
 12722 | Lair:1   | Reached skill level 15 in Long Blades
 13346 | Lair:1   | Received a gift from Okawaru
 13639 | Lair:2   | Reached skill level 9 in Shields
 13855 | Lair:2   | Reached ****** piety under Okawaru
 13960 | Lair:2   | Received a gift from Okawaru
 14267 | Lair:2   | Noticed a six-headed hydra
 14283 | Lair:2   | Killed a six-headed hydra
 14830 | Lair:3   | Noticed a five-headed hydra
 14984 | Orc:1    | Entered Level 1 of the Orcish Mines
 14985 | Orc:1    | Noticed Snorg
 15005 | D:11     | Killed Snorg
 15079 | Orc:2    | Entered Level 2 of the Orcish Mines
 15128 | Orc:2    | Found a staircase to the Elven Halls.
 15156 | Orc:2    | Received a gift from Okawaru
 15160 | Orc:2    | Noticed an orc high priest
 15369 | Orc:2    | Killed an orc high priest
 15370 | Orc:2    | Reached XP level 13. HP: 64/122 MP: 12/12
 16261 | Orc:2    | Gained mutation: Your health recovers twice as slowly from
                  | being drained. [a neqoxec]
 16263 | Orc:2    | Received a gift from Okawaru
 16425 | Orc:2    | Found a transporter.
 16426 | Orc:2    | Noticed TangoThomas's ghost (journeyman DsWr)
 16428 | Orc:2    | Identified the +8 great mace "Ugij" {heavy, Will++}
 16428 | Orc:2    | Identified the +3 great mace "Seeniwk" {flame, Str+6
                  | Stlth-}
 16428 | Orc:2    | Noticed an ettin
 16431 | Orc:2    | Found a transporter.
 16752 | Orc:2    | Found Ylyisk's Assorted Antiques.
 16895 | Orc:2    | Found Ebach's Antique Weapon Shoppe.
 16895 | Orc:2    | Found Myifuw's Jewellery Shoppe.
 16896 | Orc:2    | Found Ecwaun's Jewellery Emporium.
 16900 | Orc:2    | Found Hiesak's Magic Scroll Emporium.
 17667 | D:6      | Killed Maggie
 17732 | D:5      | Bought the +3 pair of gauntlets of War {Slay+5} for 522
                  | gold pieces
 17732 | D:5      | Found the +3 pair of gauntlets of War {Slay+5}
 17979 | D:11     | Reached skill level 10 in Shields
 18379 | D:12     | Found a transporter.
 18380 | D:12     | Noticed paavali's ghost (journeyman FoFi)
 18383 | D:12     | Found a transporter.
 18651 | D:12     | Noticed Gastronok
 18661 | D:12     | Received a gift from Okawaru
 18678 | D:12     | Killed Gastronok
 19441 | Orc:1    | Found Elistoir's Magic Scroll Emporium.
 19545 | Orc:1    | Bought a scroll of revelation for 127 gold pieces
 19689 | Orc:1    | Found Bymakob's Assorted Antiques.
 20224 | Lair:3   | Received a gift from Okawaru
 20262 | Lair:3   | Reached skill level 11 in Shields
 20295 | Lair:3   | Found a staircase to the Shoals.
 20313 | Lair:3   | Reached XP level 14. HP: 111/133 MP: 13/13
 20591 | Lair:3   | Reached skill level 15 in Fighting
 20786 | Lair:3   | Found a glowing silver altar of Zin.
 20872 | Lair:3   | You fall into a shaft and drop 2 floors!
 20872 | Lair:5   | Entered Level 5 of the Lair of Beasts
 21062 | Lair:5   | Noticed Nessos
 21071 | Lair:5   | Killed Nessos
 21071 | Lair:5   | Received a gift from Okawaru
 21094 | Lair:5   | Reached skill level 15 in Armour
 21478 | Lair:4   | Found a staircase to the Slime Pits.
 21478 | Lair:4   | Found a viscous altar of Jiyva.
 21486 | Lair:4   | Noticed Urug
 21495 | Lair:4   | Killed Urug
 21576 | Lair:4   | Reached skill level 1 in Maces & Flails
 21791 | Lair:3   | Found a staircase to the Snake Pit.
 22764 | Lair:4   | Received a gift from Okawaru
 23703 | Lair:5   | Received a gift from Okawaru
 23704 | Lair:5   | Reached skill level 12 in Shields
 24081 | Lair:5   | Found the +3 robe of Clouds {*Thunder rCloud rElec}
 24647 | D:5      | Bought a runed tower shield for 202 gold pieces
 24992 | D:13     | Received a gift from Okawaru
 25106 | D:13     | Found a radiant altar of Vehumet.
 25202 | D:13     | Noticed Jorgrun
 25208 | D:13     | Killed Jorgrun
 25209 | D:13     | Reached XP level 15. HP: 145/145 MP: 15/15
 25574 | D:13     | Found a gate to the Vaults.
 25754 | D:14     | Reached skill level 13 in Shields
 25821 | D:14     | Found a gate leading to a gauntlet.
 25834 | Gauntlet | Entered a Gauntlet
 25834 | Gauntlet | Found a transporter.
 25834 | Gauntlet | Found a transporter.
 25845 | Gauntlet | Found a transporter.
 25847 | Gauntlet | Found a transporter.
 25860 | Gauntlet | Found a transporter.
 25863 | Gauntlet | Found a transporter.
 25874 | Gauntlet | Found a runed translucent door.
 25877 | Gauntlet | Found a transporter.
 25894 | Gauntlet | Found a transporter.
 25899 | Gauntlet | Found a transporter.
 25901 | Gauntlet | Found a transporter.
 25911 | Gauntlet | Found a transporter.
 25927 | Gauntlet | Found a transporter.
 26362 | Gauntlet | Identified the +5 broad axe of Stickiness {drain, rC++
                  | Will+ Int+3 Dex-3}
 26460 | D:14     | Received a gift from Okawaru
 27729 | D:15     | Entered Level 15 of the Dungeon
 28044 | D:15     | Noticed Roxanne
 28073 | D:15     | Killed Roxanne
 28230 | D:15     | Reached skill level 14 in Shields
 28231 | D:15     | Found the +13 scythe of Curses {drain, curses, ^Drain}
 28455 | D:15     | Received a gift from Okawaru
 29157 | D:15     | Found a staircase to the Depths.
 29968 | Elf:1    | Entered Level 1 of the Elven Halls
 29993 | Elf:1    | Reached skill level 15 in Shields
 30158 | Elf:1    | Received a gift from Okawaru
 30228 | Elf:1    | Reached XP level 16. HP: 91/155 MP: 16/16
 30504 | Elf:1    | Found Senisah's Antique Weapon Shop.
 30694 | Elf:1    | Received a gift from Okawaru
 31047 | Elf:1    | Reached skill level 16 in Shields
 31328 | Elf:1    | Paralysed by an air elemental for 1 turns
 31335 | Elf:1    | Paralysed by an air elemental for 1 turns
 32080 | Elf:2    | Received a gift from Okawaru
 32355 | Elf:2    | Paralysed by an air elemental for 1 turns
 32376 | Elf:2    | Reached skill level 17 in Shields
 32561 | Elf:2    | Found a runed translucent gate.
 32562 | Elf:2    | Found a runed translucent gate.
 32562 | Elf:2    | Found a runed translucent gate.
 33048 | Elf:3    | Entered Level 3 of the Elven Halls
 33089 | Elf:3    | Found Zoigav's Antique Weapon Shop.
 33600 | Elf:3    | Noticed an Executioner
 34032 | Elf:3    | Identified the +2 scimitar "Kozair" {venom, Dex+5}
 34043 | Elf:3    | Received a gift from Okawaru
 34134 | Elf:3    | Identified the +9 mace of Crawling {venom, rElec rC+ Int+3}
 34168 | Elf:3    | Noticed a Brimstone Fiend
 34479 | Elf:3    | Reached XP level 17. HP: 113/145 MP: 17/17
 34496 | Elf:3    | Noticed a deep elf blademaster
 34498 | Elf:3    | Noticed a Tzitzimitl
 34641 | Elf:3    | Killed a deep elf blademaster
 34641 | Elf:3    | Received a gift from Okawaru
 34826 | Elf:3    | Noticed a deep elf master archer
 34835 | Elf:3    | Killed a deep elf master archer
 35031 | Elf:3    | Noticed a Tzitzimitl
 35158 | Elf:3    | Identified the +10 battleaxe of Defenestration {flame,
                  | ^Fragile SInv Stlth+}
 35378 | Elf:3    | Noticed a deep elf master archer
 35390 | Elf:3    | Killed a deep elf master archer
 35451 | Elf:3    | Identified the staff of the Inquisitive Knaves {rElec rPois
                  | rF+ Str+3 Tloc Fire}
 35536 | Elf:3    | Noticed a Brimstone Fiend
 35538 | Elf:3    | Received a gift from Okawaru
 35586 | Elf:3    | Got the Essays on Charnel Glamour
 35596 | Elf:3    | Noticed a deep elf blademaster
 35617 | Elf:3    | Killed a deep elf blademaster
 35671 | Elf:3    | Identified the +1 pair of boots of Vommyol {rC+}
 35724 | Elf:3    | Identified the +6 dagger of Xuoj {flame, ^Drain rN+++ SInv
                  | Stlth+}
 35732 | Elf:3    | Reached skill level 18 in Shields
 35991 | Orc:1    | Bought a pitted crystal plate armour for 1785 gold pieces
 35991 | Orc:1    | Identified the +17 crystal plate armour of the Vanishing
                  | Songs {+Inv} (You bought it in a shop on level 1 of the
                  | Orcish Mines)
 36502 | Elf:2    | Noticed a deep elf blademaster
 36568 | Elf:2    | Killed a deep elf blademaster
 36686 | Elf:2    | Received a gift from Okawaru
 36793 | Abyss:3  | Found a corrupted altar of Lugonu.
 36793 | Abyss:3  | Cast into level 3 of the Abyss (+1 bardiche of distortion)
 36867 | Elf:2    | Escaped the Abyss
 37471 | D:12     | Killed paavali's ghost
 37635 | Orc:2    | Reached skill level 19 in Shields
 37658 | Orc:2    | Killed TangoThomas's ghost
 37880 | Shoals:1 | Entered Level 1 of the Shoals
 38210 | Snake:1  | Entered Level 1 of the Snake Pit
 38215 | Snake:1  | You fall into a shaft and drop 1 floor!
 38352 | Snake:2  | Received a gift from Okawaru
 38469 | Snake:2  | Noticed raetorn's ghost (adept FeSh)
 38711 | Snake:2  | Found a runed translucent gate.
 38711 | Snake:2  | Found a runed translucent gate.
 38711 | Snake:2  | Found a runed translucent gate.
 38862 | Snake:2  | Reached XP level 18. HP: 165/177 MP: 18/18
 39200 | Snake:2  | Received a gift from Okawaru
 39755 | Snake:1  | Found Uteix's Weapon Shop.
 39897 | Snake:1  | Reached skill level 20 in Shields
 39932 | Snake:1  | Identified the serpent talisman of Vetrigud {Fly rC+ Dex-3}
 39932 | Snake:1  | Noticed Aizul
 39949 | Snake:1  | Killed Aizul
 40090 | Snake:1  | Found Yrowuvun's Weapon Shoppe.
 40090 | Snake:1  | Found Asipt's Assorted Antiques.
 40091 | Snake:1  | Found Iselicac's Magic Scroll Shoppe.
 40095 | Snake:1  | Bought a scroll of teleportation for 39 gold pieces
 40095 | Snake:1  | Bought a scroll of teleportation for 39 gold pieces
 40095 | Snake:1  | Found Meogec's Book Emporium.
 40314 | Snake:1  | Reached skill level 1 in Shapeshifting
 40314 | Snake:1  | Reached XP level 19. HP: 23/185 MP: 18/20
 40571 | Snake:2  | Killed raetorn's ghost
 40578 | Snake:2  | Identified the +5 morningstar of Dismay {protect, Str+3
                  | Stlth+}
 40743 | Snake:3  | Received a gift from Okawaru
 41421 | Snake:4  | Entered Level 4 of the Snake Pit
 41600 | Snake:4  | Reached skill level 21 in Shields
 41821 | Snake:4  | Found a runed translucent gate.
 41825 | Snake:4  | Found a runed translucent gate.
 41826 | Snake:4  | Found a runed translucent gate.
 41995 | Snake:4  | Found Ytatex's Book Boutique.
 41995 | Snake:4  | Found Ryulobuke's Jewellery Emporium.
 41996 | Snake:4  | Found Rotoapho's Book Boutique.
 42195 | Snake:4  | Received a gift from Okawaru
 42898 | Snake:4  | Received a gift from Okawaru
 43076 | Snake:4  | Got a serpentine rune of Zot
 43266 | Snake:4  | Noticed mihai's ghost (adept DECj)
 43379 | Snake:4  | Reached skill level 22 in Shields
 43466 | Snake:4  | Reached XP level 20. HP: 168/195 MP: 21/21
 43850 | Snake:4  | Killed mihai's ghost
 43859 | Snake:4  | Identified the +2 hat of Humasi {-Cast rElec rN+++ Will-}
 44110 | Shoals:1 | You are sucked into a shaft and drop 1 floor!
 44399 | Shoals:1 | Found a large runed translucent door.
 44399 | Shoals:1 | Found a large runed translucent door.
 44401 | Shoals:1 | Noticed Quickbrownfox's ghost (journeyman OpSh)
 44451 | Shoals:1 | Received a gift from Okawaru
 44836 | Shoals:1 | Killed Quickbrownfox's ghost
 44941 | Shoals:2 | Noticed Polyphemus
 44968 | Shoals:2 | Killed Polyphemus
 44977 | Shoals:2 | Identified the +6 tower shield of Love and Death {+Blink
                  | rElec Regen+}
 44977 | Shoals:2 | Noticed Louise
 45003 | Shoals:2 | Killed Louise
 45006 | Shoals:2 | Noticed Mlioglotl
 45009 | Shoals:2 | Noticed a profane servitor
 45019 | Shoals:2 | Killed Mlioglotl
 45269 | Shoals:2 | Noticed Ilsuiw
 45326 | Shoals:2 | Killed Ilsuiw
 45327 | Shoals:2 | Reached skill level 23 in Shields
 45842 | Shoals:3 | Received a gift from Okawaru
 46668 | Shoals:4 | Entered Level 4 of the Shoals
 46970 | Shoals:4 | HP: 8/198 [harpy (5)]
 46971 | Shoals:4 | Slain by a merfolk

Illustrated notes

Levels and vault maps discovered:
D:1:      saegor_arrival_simple_a, layout_loops_ring,
          chequers_serial_rivers_room_a, st_stairs_4, minmay_tetromino_i2
D:2:      layout_basic, serial_bayou_pond_c, uniq_terence, uniq_jessica
D:3:      layout_basic, nzn_overflow_gifts_of_might_and_magic,
          overflow_temple_1_default, nicolae_hepliaklqana_hazy_memory,
          kennysheep_nub
D:4:      layout_cave_pools, nicolae_ru_great_annihilating_truth
D:5:      layout_loops_corners, serial_shops, kennysheep_little_box, shop, shop,
          shop_coins, minmay_quadrilaterals
D:6:      layout_loops_ring, minmay_temple_entry_tees, serial_shops,
          shop_fountains, grunt_ministairs_1, uniq_maggie, uniq_blork_the_orc,
          uniq_eustachio
D:7:      layout_basic, lemuel_round_altar, tso_altar
D:8:      layout_basic, zin_treasury, nicolae_overflow_hidden_temple,
          nicolae_shop_distant_corner_stores, serial_bayou_lagoon_b
D:9:      kennysheep_spiral_hall, layout_loops_ring, david_lair_generic,
          evilmike_minifort, uniq_maurice
D:10:     layout_long_grid, old_standard_altar, uniq_erolcha, uniq_fannar
D:11:     layout_loops_corners, erik_orc_4, serial_shops, shop,
          nicolae_shop_pleasant_corner_grove, shop_scrolls, kennysheep_mini,
          uniq_sonja
D:12:     layout_rooms, gammafunk_ghost_mausoleum, uniq_gastronok
D:13:     layout_basic, david_vaults_5, nicolae_vehumet_altar_sigil,
          uniq_jorgrun
D:14:     layout_grid_maze, gauntlet_entry_generic,
          chequers_serial_rivers_room_a
D:15:     grunt_enter_depths_magical_seal, layout_cave_pods, nrook_mini_vaults,
          uniq_roxanne
Temple:   pf_slime_end_temple
Lair:1:   layout_cave_shapes
Lair:2:   layout_big_grid, grunt_megastairs_5
Lair:3:   layout_hall_layers, elwin_shoals_entry_stream,
          minmay_snake_entry_guardpost_medium, basic_altar,
          chequers_serial_rivers_marsh
Lair:4:   layout_regular_city, slime_entry_1, serial_bayou_pond_a, uniq_urug
Lair:5:   minmay_lair_end_enchanted_forest, layout_gridlike,
          serial_bayou_shore_b, infiniplex_staircase_pool_2,
          serial_bayou_shore_b, uniq_nessos
Shoals:1: layout_shoals, ebering_ghost_disaster_area
Shoals:2: layout_shoals, uniq_ilsuiw, uniq_louise, uniq_polyphemus,
          uniq_mlioglotl
Shoals:3: layout_shoals
Shoals:4: shoals_end_hangedman, layout_shoals, nicolae_shoals_wave_tunnel
Snake:1:  layout_rooms, serial_shops, nicolae_shop_hallway_stairs, drop_trap,
          minmay_shoptagon, uniq_aizul
Snake:2:  layout_layer_cave, gammafunk_ghost_split
Snake:3:  layout_basic, grunt_megastairs_4
Snake:4:  grunt_snake_rune_spirals, layout_onion, gammafunk_ghost_necromancy,
          minmay_shop_grove
Orc:1:    layout_caves, serial_shops, shop, shop, uniq_snorg
Orc:2:    st_orc_mages, layout_caves, serial_shops, shop, gammafunk_ghost_smash
Elf:1:    eino_elf_arrival_shootout, layout_gridlike, serial_shops, shop,
          hangedman_elven_crosses_minicolossus
Elf:2:    nicolae_elf_blades_crystal_corner, layout_gridlike
Elf:3:    grunt_elf_hall_diamonds, layout_loops_corners, serial_shops,
          shop_statue, hangedman_elf_targeted_burst

Skill      XL: |  1  2  3  4  5  6  7  8  9 10 11 12 13 14 15 16 17 18 19 20 |
---------------+-------------------------------------------------------------+-----
Fighting       | 4 5 6 8 9 11 13 14 16 17 18 19 20 21 | 21.3
Armour         | 4 5 6 8 9 10 11 13 14 16 17 18 19 | 19.2
Long Blades    | 3 4 5 6 7 9 11 13 14 15 17 18 19 20 21 22 | 22.1
Shields        | 4 5 6 8 9 11 12 15 17 19 20 22 23 | 23.6
Dodging        | 2 3 4 |  4.7
Stealth        | 1 2 3 |  3.1
Evocations     | 1 2 3 |  3.4
Invocations    | 1 2 |  2.9
Maces & Flails | 1 3 |  3.1
Shapeshifting  | 1 |  1.0

Action                     |  1- 3 |  4- 6 |  7- 9 | 10-12 | 13-15 | 16-18 | 19-21 || total
---------------------------+-------+-------+-------+-------+-------+-------+-------++-------
  Melee: Long sword        |    82 |   176 |   330 |       |       |       |       ||   588
         Headbutt          |    15 |    26 |    84 |   120 |   283 |   225 |   243 ||   996
         Scimitar          |       |       |    42 |   547 |   443 |       |       ||  1032
         Double sword      |       |       |       |       |   591 |   896 |   854 ||  2341
         Whip              |       |       |       |       |    49 |       |       ||    49
 Invoke: Heroism           |       |       |     1 |     2 |     7 |     6 |     5 ||    21
  Evoke: Wand              |       |       |    12 |    11 |     2 |     7 |       ||    32
    Use: Scroll            |     3 |     7 |     1 |     9 |    12 |     8 |     1 ||    41
         Potion            |       |       |     4 |       |     1 |     5 |    10 ||    20
   Stab: Invisible         |       |     1 |       |       |       |       |       ||     1
         Distracted        |       |       |     1 |       |       |       |       ||     1
 Armour: Scale mail        |    33 |       |       |       |       |       |       ||    33
         Plate armour      |    27 |   131 |   303 |   351 |   622 |   222 |       ||  1656
         Crystal plate arm |       |       |       |       |       |   295 |   645 ||   940
  Dodge: Dodged            |    28 |    57 |   137 |   250 |   402 |   163 |   142 ||  1179
  Block: Buckler           |    16 |    35 |    82 |   141 |   232 |       |       ||   506
         Tower shield      |       |       |       |       |   478 |  1152 |  1594 ||  3224
         Reflection        |       |       |       |       |    46 |    99 |   166 ||   311
   Form: Serpent           |       |       |       |       |       |     1 |       ||     1
                           |       |       |       |       |       |       |     1 ||     1
